 Dungeon Crawl Stone Soup version 0.29-a0-492-g10b964d8d7 (webtiles) character file.

Game seed: 15687282556546566180

130 Colgate the Sneak (level 5, -3/30 HPs)
             Began as a Kobold Brigand on May 27, 2022.
             Was a Believer of Vehumet.
             Slain by Natasha (7 damage)
             ... on level 3 of the Dungeon.
             The game lasted 00:11:28 (2412 turns).

Colgate the Sneak (Kobold Brigand)                  Turns: 2412, Time: 00:11:28

Health: -3/30      AC:  4    Str:  8    XL:     5   Next: 36%
Magic:  0/8        EV: 14    Int: 14    God:    Vehumet [**....]
Gold:   162        SH:  0    Dex: 17    Spells: 7/8 levels left

rFire   . . .      SeeInvis .   a - +2 dagger
rCold   . . .      Faith    .   (no shield)
rNeg    . . .      Spirit   .   o - +0 robe
rPois   .          Reflect  .   k - +0 helmet
rElec   .          Harm     .   c - +0 cloak
rCorr   .          Rampage  .   (no gloves)
Will    .....                   (no boots)
Stlth   ++++......              (no amulet)
HPRegen 0.10/turn               (no ring)
MPRegen 0.11/turn               (no ring)

@: very slightly contaminated
A: small, no large weapons, nightstalker 3
a: Renounce Religion


You were on level 3 of the Dungeon.
You worshipped Vehumet.
Vehumet was pleased with you.
You visited 1 branch of the dungeon, and saw 3 of its levels.

You collected 162 gold pieces.

Inventory:

Hand Weapons
 a - a +2 dagger (weapon)
 b - a +1 whip of freezing
Missiles
 d - 9 poisoned darts (quivered)
 i - 84 stones
Armour
 c - a +0 cloak (worn)
 k - a +0 helmet (worn)
 o - a +0 robe (worn)
Scrolls
 f - a scroll of identify {unknown}
 h - a scroll of immolation {unknown}
 l - a scroll of summoning {unknown}
 n - a scroll of enchant weapon {unknown}
 q - a scroll of torment {unknown}
 r - a scroll of amnesia {unknown}
Potions
 g - 2 potions of curing {unknown}
 j - a potion of lignification {unknown}
 m - a potion of heal wounds {unknown}
 p - a potion of cancellation {unknown}


   Skills:
 - Level 2.1 Fighting
 - Level 3.9 Short Blades
 - Level 2.1 Throwing
 - Level 1.2 Dodging
 - Level 5.3 Stealth
 - Level 2.0 Spellcasting
 + Level 3.2 Earth Magic


You had 7 spell levels left.
You knew the following spells:

 Your Spells              Type           Power      Damage    Failure   Level
a - Sandblast             Erth           20%        2d7       6%          1

Your spell library contained the following spells:

 Spells                   Type           Power      Damage    Failure   Level
 Mephitic Cloud           Conj/Pois/Air  1%         N/A       56%         3


Dungeon Overview and Level Annotations

Branches:
Dungeon (3/15)

Altars:
Vehumet

Shops:
D:1 (

Annotations:
D:3 2 transporters, Natasha


Innate Abilities, Weirdness & Mutations

You are small and have problems with some larger weapons.
You are completely attuned to the shadows.


Message History

Aiming: Sandblast (safe; 6% risk of failure)
Aim: Natasha, carrying a wand of flame (8) (severely wounded, 74% to hit)
The blast of sand hits Natasha but does no damage.
i - 85 stones Natasha misses you.
The crimson imp blinks!
Casting: Sandblast (safe; 6% risk of failure)
You don't have enough magic to cast this spell.
Casting: Sandblast (safe; 6% risk of failure)
You don't have enough magic to cast this spell.
Unknown command.
Unknown command.
Throw: 3 darts (curare)
Aim: Natasha, carrying a wand of flame (8) (severely wounded, 55% to hit)
You throw a curare-tipped dart.
The curare-tipped dart closely misses Natasha.
Natasha closely misses you.
Throw: 2 darts (curare)
Aim: Natasha, carrying a wand of flame (8) (severely wounded, 55% to hit)
You throw a curare-tipped dart.
The curare-tipped dart closely misses Natasha.
Natasha completely misses you.
Throw: dart (curare)
Aim: Natasha, carrying a wand of flame (8) (severely wounded, 55% to hit)
You throw a curare-tipped dart.
The curare-tipped dart closely misses Natasha.
Okay, then.
You closely miss Natasha.
The crimson imp disappears in a puff of smoke!
Natasha stares at you and mumbles some strange words.
The magic dart hits you.
* * * LOW HITPOINT WARNING * * *
You hit Natasha but do no damage. Natasha closely misses you.
You hit Natasha but do no damage. Natasha misses you.
Casting: Sandblast (safe; 6% risk of failure)
Aiming: Sandblast (safe; 6% risk of failure)
Aim: Natasha, carrying a wand of flame (8) (severely wounded, 74% to hit)
The blast of sand hits Natasha.
i - 84 stones Natasha claws you!
You die...

.. #.#...
..<......
##.#.....
.........
######ยง#..
#.@h..(....
#.####.##..
#.# #.# # #
#)# #.# #.
#)# .# ##.
#.# #.# ..
#.####.##.#
#.
#.)....##.#
#.
#####..##.#
#.


You could see Natasha.

Vanquished Creatures
  An orc wizard (D:3)
  Robin (D:3)
  3 adders
  2 dart slugs
  2 orcs (D:3)
  3 endoplasms
  3 giant cockroaches
  8 hobgoblins
  5 kobolds
  2 quokkas (D:1)
  3 ball pythons
  7 bats
  2 frilled lizards
  11 goblins
  6 rats
59 creatures vanquished.

Vanquished Creatures (others)
  6 plants (D:3)
6 creatures vanquished.

Grand Total: 65 creatures vanquished

Notes
Turn   | Place    | Note
-------+----------+-------------------------------------------
     0 | D:1      | Colgate the Kobold Brigand began the quest for the Orb.
     0 | D:1      | Reached XP level 1. HP: 12/12 MP: 1/1
   214 | D:1      | Reached XP level 2. HP: 17/17 MP: 2/2
   302 | D:1      | Found Ginlos's Weapon Boutique.
   466 | D:1      | Found a faded altar of an unknown god.
   469 | D:1      | Prayed at the altar of an unknown god.
   469 | D:1      | Became a worshipper of Vehumet
   469 | D:1      | Reached * piety under Vehumet
   469 | D:1      | Offered knowledge of Sandblast by Vehumet.
   564 | D:1      | Reached skill level 1 in Spellcasting
   564 | D:1      | Reached XP level 3. HP: 18/21 MP: 4/4
  1027 | D:2      | Learned a level 1 spell: Sandblast
  1136 | D:2      | Reached skill level 1 in Earth Magic
  1136 | D:2      | Reached XP level 4. HP: 26/26 MP: 7/7
  1166 | D:2      | Offered knowledge of Foxfire by Vehumet.
  1174 | D:2      | Reached ** piety under Vehumet
  1619 | D:3      | Found a transporter.
  1688 | D:3      | Found a transporter.
  1787 | D:3      | Noticed Robin
  1823 | D:3      | Killed Robin
  1918 | D:3      | Reached XP level 5. HP: 27/30 MP: 8/8
  1923 | D:3      | Offered knowledge of Mephitic Cloud by Vehumet.
  2390 | D:3      | Noticed Natasha
  2412 | D:3      | Slain by Natasha

Illustrated notes

Levels and vault maps discovered:
D:1:      dpeg_arrival_concentric_ovals, layout_loops_ring,
          hellmonk_ecumenical_altar_heavens_door, serial_shops,
          nicolae_shop_waterfront
D:2:      layout_rooms
D:3:      layout_basic, demons_altar, gammafunk_ghost_gnarly_gnolls,
          kennysheep_cross_room, uniq_natasha, uniq_robin

Skill      XL: |  1  2  3  4  5 |
---------------+----------------+-----
Short Blades   | 3 |  3.9
Spellcasting   | 1 2 |  2.0
Earth Magic    | 1 2 3 |  3.2
Fighting       | |  2.1
Throwing       | |  2.1
Dodging        | |  1.2
Stealth        | |  5.3

Action                   |  1- 3 |  4- 6 || total
-------------------------+-------+-------++-------
Melee: Dagger            |    52 |    85 ||   137
Throw: Dart              |       |     4 ||     4
 Cast: Sandblast         |       |    11 ||    11
 Stab: Sleeping          |    14 |    11 ||    25
       Distracted        |       |     1 ||     1
Armor: Robe              |     4 |    14 ||    18
Dodge: Dodged            |    23 |    49 ||    72

Table legend: (Time is in decaauts)
 A = Elapsed time spent in this place.
 B = Non-inter-level travel time spent in this place.
 C = Inter-level travel time spent in this place.
 D = Time resting spent in this place.
 E = Time spent auto-exploring this place.
 F = Levels seen in this place.
 G = Mean time per level.
                   A        B        C        D        E       F      G
               +--------+--------+--------+--------+--------+-----+--------+
         Total |   2383 |   2322 |     61 |     21 |   1854 |   3 |  794.3 |
       Dungeon |   2383 |   2322 |     61 |     21 |   1854 |   3 |  794.3 |
               +--------+--------+--------+--------+--------+-----+--------+

Top non-repeatable levels by time:
     D:1: 953 daAuts
     D:3: 854 daAuts
     D:2: 575 daAuts
